 Dungeon Crawl Stone Soup version 0.29.1-12-g30fa7ad0bf (webtiles) character file.

Game seed: 4788203950894570387

65 retardedninja the Chopper (level 4, 0/40 HPs)
             Began as a Hill Orc Fighter on Dec 13, 2022.
             Slain by an orc
             ... wielding a +0 flail
              (6 damage)
             ... on level 3 of the Dungeon.
             The game lasted 00:04:16 (2030 turns).

retardedninja the Chopper (Hill Orc Fighter)        Turns: 2030, Time: 00:04:16

Health: 0/40       AC: 10    Str: 19 (20) XL:     4   Next: 13%
Magic:  4/4        EV:  4    Int:  5 (8)  God:
Gold:   113        SH:  4    Dex:  7 (10) Spells: 3/3 levels left

rFire   . . .      SeeInvis .   a - +0 war axe
rCold   . . .      Faith    .   c - +0 buckler
rNeg    . . .      Spirit   .   p - +0 chain mail
rPois   .          Reflect  .   (no helmet)
rElec   .          Harm     .   h - scarf {shadows}
rCorr   .          Rampage  .   (no gloves)
Will    .....                   g - +0 pair of boots
Stlth   ..........              (no amulet)
HPRegen 0.13/turn               (no ring)
MPRegen 0.09/turn               (no ring)

@: lethally poisoned (0 -> -4), silenced, constricted
A: no striking features
a: no special abilities


You were on level 3 of the Dungeon.
You visited 1 branch of the dungeon, and saw 3 of its levels.

You collected 113 gold pieces.

Inventory:

Hand Weapons
 a - a +0 war axe (weapon)
Missiles
 k - a throwing net (quivered)
Armour
 c - a +0 buckler (worn)
 g - a +0 pair of boots (worn)
 h - a scarf of shadows (worn)
 p - a +0 chain mail (worn)
Jewellery
 o - a ring of positive energy
Scrolls
 i - a scroll of teleportation {unknown}
Potions
 l - a potion of flight


   Skills:
 + Level 4.0 Fighting
 * Level 4.5 Axes
 + Level 3.7 Armour
 + Level 3.6 Shields


You had 3 spell levels left.
You didn't know any spells.
Your spell library was empty.

Dungeon Overview and Level Annotations

Branches:
Dungeon (3/15)

Altars:
Cheibriados


Message History

You are poisoned.
The water moccasin poisons you!
You hit the water moccasin.
The water moccasin is moderately wounded.
You closely miss the orc. You barely miss the orc. You closely miss the orc.
You feel very sick.
The water moccasin bites you but does no damage.
The orc hits you but does no damage. The orc closely misses you.
The orc hits you with a +0 flail.
* * * LOW HITPOINT WARNING * * *
The water moccasin barely misses you.
You closely miss the water moccasin.
The water moccasin is moderately wounded.
You hit the orc. You completely miss the orc. You hit the orc.
You kill the orc!
You feel sick. The orc hits you but does no damage. x2
The water moccasin bites you but does no damage.
The ball python bites you but does no damage.
The ball python grabs you. The ball python constricts you.
* * * LOW HITPOINT WARNING * * *
You block the orc's attack. The orc hits you with a +0 flail.
* * * LOW HITPOINT WARNING * * *
You barely miss the water moccasin.
The water moccasin is moderately wounded.
You barely miss the orc. You closely miss the ball python.
You hit the orc but do no damage.
* * * LOW HITPOINT WARNING * * *
You feel sick.
The water moccasin bites you but does no damage.
The ball python bites you but does no damage.
The ball python constricts you. The water moccasin barely misses you.
The orc hits you but does no damage.
The orc zaps a wand.
You resist with some effort.
Okay, then.
As you read the scroll labelled ZOAREV JEPN, it crumbles to dust.
A profound silence engulfs you.
It was a scroll of silence.
You feel sick. You block the water moccasin's attack.
You block the ball python's attack. The ball python constricts you.
The orc barely misses you. The orc hits you with a +0 flail.
You die...

#.##### #.# #.##
########## #..#
..?......# ##.#
.........#####.#
......[..##....#
......So.##.##.##
......S@.##.#...##
......o#......_...
.......######...#.#
........ ##.##.#
..##.... #... # .
#..... ### #.....


You could see a water moccasin, 2 orcs and a ball python.

Vanquished Creatures
  An adder (D:3)
  A worm (D:2)
  A dart slug (D:2)
  An orc (D:3)
  2 ball pythons
  4 endoplasms
  5 giant cockroaches (D:1)
  5 goblins (D:1)
  3 hobgoblins
  A quokka (D:2)
  8 bats
  10 frilled lizards (D:2)
  2 kobolds
  4 rats (D:1)
  2 toadstools (D:1)
50 creatures vanquished.

Vanquished Creatures (others)
  2 toadstools (D:1)
2 creatures vanquished.

Grand Total: 52 creatures vanquished

Notes
Turn   | Place    | Note
-------+----------+-------------------------------------------
     0 | D:1      | retardedninja the Hill Orc Fighter began the quest for the
                  | Orb.
     0 | D:1      | Reached XP level 1. HP: 19/19 MP: 1/1
   354 | D:1      | Reached XP level 2. HP: 27/27 MP: 2/2
   663 | D:1      | Reached XP level 3. HP: 27/33 MP: 3/3
  1778 | D:3      | Reached XP level 4. HP: 40/40 MP: 4/4
  1992 | D:3      | Found a snail-covered altar of Cheibriados.
  2008 | D:3      | Noticed a water moccasin
  2010 | D:3      | Paralysed by an orc for 5 turns
  2030 | D:3      | Slain by an orc

Illustrated notes

Levels and vault maps discovered:
D:1:      ldierk_water_garden, layout_basic, serial_glass, glass_columns_a,
          glass_columns_a, glass_columns_a, glass_columns_b, minmay_box_of_dots
D:2:      layout_rooms, minmay_lizard_pond
D:3:      layout_basic, nicolae_overflow_crystal_walls

Skill      XL: |  1  2  3 |
---------------+----------+-----
Axes           | 3 4 |  4.5
Fighting       | 4 |  4.0
Armour         | |  3.7
Shields        | |  3.6

Action                   |  1- 3 |  4- 6 || total
-------------------------+-------+-------++-------
Melee: War axe           |   112 |    14 ||   126
  Use: Potion            |       |     9 ||     9
       Scroll            |       |     1 ||     1
Armor: Scale mail        |    66 |     1 ||    67
       Chain mail        |       |    38 ||    38
Dodge: Dodged            |    62 |    11 ||    73
Block: Buckler           |    25 |    11 ||    36
